 Dungeon Crawl Stone Soup version 0.24.0-13-gcf9b3192b9 (webtiles) character file.

Game seed: 11380341987794376978, levelgen mode: deterministic

3797 Arixos the Sneak (level 10, -7/49 HPs)
             Began as a Vine Stalker Venom Mage on Nov 9, 2019.
             Was an Initiate of Dithmenos.
             Mangled by a troll (11 damage)
             ... on level 9 of the Dungeon on Nov 10, 2019.
             The game lasted 00:34:58 (8988 turns).

Arixos the Sneak (Vine Stalker Venom Mage)          Turns: 8988, Time: 00:34:59

Health: -7/49      AC:  9    Str: 12    XL:     10   Next: 16%
Magic:  0/18       EV: 12    Int: 18    God:    Dithmenos [......]
Gold:   521        SH:  0    Dex: 17    Spells: 11/19 levels left

rFire    . . .     SeeInvis .   a - +2 dagger (elec)
rCold    . . .     Gourm    .   (no shield)
rNeg     . . .     Faith    .   t - +1 ring mail {rPois}
rPois    +         Spirit   +   m - +0 helmet
rElec    .         Reflect  .   (no cloak)
rCorr    .         Harm     .   B - +0 pair of gloves
MR       +....                  p - +0 pair of boots
Stlth    +++.......             (no amulet)
HPRegen  0.56/turn              r - +3 ring of dexterity
MPRegen  0.16/turn              (no ring)

@: very slightly contaminated
A: fangs 3, regeneration 1, magic shield, antimagic bite, no potion heal 3, rot
immunity
a: Renounce Religion


You were on level 9 of the Dungeon.
You worshipped Dithmenos.
Dithmenos was noncommittal.
You were not hungry.

You visited 2 branches of the dungeon, and saw 10 of its levels.

You collected 521 gold pieces.

Inventory:

Hand Weapons
 a - a +2 dagger of electrocution (weapon)
 q - a +0 rapier
Missiles
 e - 30 poisoned darts (quivered)
Armour
 m - a +0 helmet (worn)
 p - a +0 pair of boots (worn)
 t - a +1 ring mail of poison resistance (worn)
 B - a +0 pair of gloves (worn)
Jewellery
 r - a +3 ring of dexterity (left hand)
 H - an uncursed amulet of faith {unknown}
Wands
 v - a wand of enslavement (6)
Scrolls
 b - a scroll of blinking {unknown}
 d - 9 scrolls of identify
 h - 2 scrolls of fog {unknown}
 i - 4 scrolls of teleportation
 j - 4 scrolls of remove curse
 l - a scroll of amnesia {unknown}
 n - 8 scrolls of enchant weapon
 o - 2 scrolls of enchant armour {unknown}
 s - a scroll of magic mapping {unknown}
 u - a scroll of immolation {unknown}
 y - a scroll of noise {unknown}
 C - a scroll of fear {unknown}
Potions
 f - 2 potions of degeneration {unknown}
 g - 2 potions of heal wounds {unknown}
 k - 2 potions of flight {unknown}
 w - 2 potions of might {unknown}
 x - a potion of cancellation {unknown}
 z - a potion of brilliance {unknown}
 A - a potion of mutation {unknown}
 D - a potion of haste {unknown}
 E - a potion of curing {unknown}
 G - a potion of resistance {unknown}
Comestibles
 c - 17 rations
 F - 2 chunks of flesh


   Skills:
 + Level 4.1 Fighting
 * Level 5.8 Short Blades
 + Level 1.8 Armour
 + Level 4.1 Dodging
 + Level 6.6 Stealth
 + Level 5.1 Spellcasting
 + Level 4.7 Conjurations
 * Level 1.0 Translocations
 - Level 4.0 Air Magic
 + Level 5.6 Poison Magic
 + Level 0.6 Invocations


You had 11 spell levels left.
You knew the following spells:

 Your Spells              Type           Power        Failure   Level  Hunger
a - Poisonous Vapours     Pois/Air       ###...       6%          2    #......
b - Sting                 Conj/Pois      ###.         3%          1    None
c - Mephitic Cloud        Conj/Pois/Air  ###.....     12%         3    ##.....
e - Blink                 Tloc           N/A          28%         2    #......

Your spell library contained the following spells:

 Spells                   Type           Power        Failure   Level  Hunger
 Magic Dart               Conj           ###.         4%          1    None
 Olgreb's Toxic Radiance  Pois           ###.....     28%         4    ####...
 Conjure Flame            Conj/Fire      ##......     32%         3    ##.....
 Call Imp                 Summ           #.......     41%         2    #......
 Slow                     Hex            #.......     41%         2    #......
 Venom Bolt               Conj/Pois      ###.......   67%         5    ######.


Dungeon Overview and Level Annotations

Branches:
Dungeon (9/15)             Temple (1/1) D:7
   Lair: D:8-11         Orc: D:9-12

Altars:
Ashenzari
Cheibriados
Dithmenos
Elyvilon
Fedhas
Gozag
Hepliaklqana
Kikubaaqudgha
Makhleb
Nemelex Xobeh
Okawaru
Qazlal
Ru
Sif Muna
Uskayaw
Vehumet
Wu Jian
Xom
Yredelemnul
Zin
The Shining One


Innate Abilities, Weirdness & Mutations

You have razor-sharp teeth.
Your natural rate of healing is unusually fast.
When hurt, damage is shared between your health and your magic reserves.
Your bite disrupts and absorbs the magic of your enemies.
Potions cannot restore your health.
You are immune to rotting.


Message History

Aim: a troll (severely wounded, poisoned) Poisonous vapours surround the troll!
The troll is engulfed in poison gas.
The troll looks even sicker.
The troll barely misses you. The troll claws you!
* * * LOW HITPOINT WARNING * * *
The troll claws you.
* * * LOW HITPOINT WARNING * * *
Casting: Poisonous Vapours (safe; 6% risk of failure)
Confirm with . or Enter, or press ? or * to list all spells.
You miscast Blink.
The floor and the ceiling briefly switch places.
The troll closely misses you. The troll barely misses you.
The troll closely misses you.
The troll looks more healthy.
There is a stone staircase leading up here.
You barely miss the troll. Your bite misses the troll.
The troll is severely wounded.
The troll bites you!
* * * LOW HITPOINT WARNING * * *
The troll closely misses you. The troll claws you!
You die...

#####
#####.T@#
#.......#
#.###...#
#.#######.#
#.........#
###########


You could see a troll.

Vanquished Creatures
  Pikel (D:4)
  A hippogriff (D:7)
  2 ice beasts
  3 sky beasts
  2 black bears
  4 orc warriors
  3 ogres
  3 centaurs
  4 bullfrogs
  6 wights
  A crimson imp (D:7)
  A bullfrog zombie (D:6)
  5 jellies
  4 orc priests
  2 hounds (D:6)
  A bullfrog skeleton (D:4)
  3 iguanas
  6 orc wizards
  6 worker ants
  2 hound zombies
  A worker ant zombie (D:7)
  A howler monkey skeleton (D:6)
  8 adders
  2 shadow imps
  10 oozes
  An adder skeleton (D:4)
  7 worms
  3 dart slugs
  5 leopard geckos
  23 orcs
  8 giant cockroaches
  12 goblins
  5 hobgoblins
  18 jackals
  2 quokkas
  5 bats
  4 frilled lizards
  A jackal zombie (D:6)
  6 kobolds
  A quokka skeleton (D:3)
  A quokka zombie (D:6)
  9 rats
193 creatures vanquished.

Vanquished Creatures (others)
  4 gnolls (D:4)
4 creatures vanquished.

Grand Total: 197 creatures vanquished

Notes
Turn   | Place    | Note
-------+----------+-------------------------------------------
     0 | D:1      | Arixos the Vine Stalker Venom Mage began the quest for the
                  | Orb.
     0 | D:1      | Reached XP level 1. HP: 9/9 MP: 4/4
    74 | D:1      | Reached XP level 2. HP: 6/14 MP: 0/6
   344 | D:1      | Learned a level 2 spell: Poisonous Vapours
   610 | D:1      | Reached XP level 3. HP: 16/17 MP: 7/7
   649 | D:1      | Learned a level 3 spell: Mephitic Cloud
  1384 | D:2      | Gained mutation: Your natural rate of healing is unusually
                  | fast. [Vine Stalker growth]
  1384 | D:2      | Reached XP level 4. HP: 19/21 MP: 1/8
  1440 | D:2      | Reached skill level 1 in Short Blades
  1463 | D:2      | Reached skill level 3 in Stealth
  1834 | D:2      | You fall into a shaft and drop 2 floors!
  1838 | D:4      | Reached skill level 1 in Fighting
  1914 | D:4      | Reached XP level 5. HP: 25/25 MP: 7/10
  1977 | D:4      | Reached skill level 1 in Air Magic
  3240 | D:4      | Reached XP level 6. HP: 30/30 MP: 4/11
  3309 | D:4      | Noticed Pikel
  3309 | D:4      | Noticed a slave
  3309 | D:4      | Noticed a slave
  3309 | D:4      | Noticed a slave
  3309 | D:4      | Noticed a slave
  3319 | D:4      | Killed Pikel
  3319 | D:4      | Reached skill level 4 in Stealth
  3319 | D:4      | Reached XP level 7. HP: 35/35 MP: 2/13
  3758 | D:5      | Entered Level 5 of the Dungeon
  3896 | D:5      | Gained mutation: You have razor-sharp teeth. [Vine Stalker
                  | growth]
  3896 | D:5      | Reached XP level 8. HP: 35/39 MP: 11/14
  4956 | D:6      | Reached skill level 5 in Stealth
  5234 | D:6      | Reached XP level 9. HP: 34/44 MP: 10/16
  5599 | D:6      | Reached skill level 5 in Poison Magic
  6106 | D:7      | Reached skill level 5 in Short Blades
  6343 | D:7      | Reached skill level 1 in Armour
  6343 | D:7      | Reached skill level 6 in Stealth
  6809 | D:7      | Reached skill level 5 in Spellcasting
  6809 | D:7      | Reached XP level 10. HP: 49/49 MP: 18/18
  7476 | D:7      | Found a staircase to the Ecumenical Temple.
  7488 | Temple   | Entered the Ecumenical Temple
  7745 | Temple   | Became a worshipper of Dithmenos the Shadowed
  8019 | D:8      | Learned a level 2 spell: Blink
  8092 | D:8      | Found a stormy altar of Qazlal.
  8576 | D:8      | Reached skill level 1 in Translocations
  8988 | D:9      | Mangled by a troll

Levels and vault maps discovered:
D:1:      tarquinn_simple_flora_water_e, layout_rooms, grunt_decor_arrowhead,
          hex_large, minmay_pentomino_u2
D:2:      layout_loops_ring
D:3:      layout_basic
D:4:      layout_cave_pools, first_ration, kennysheep_small_circle, uniq_pikel
D:5:      layout_basic, interstate_on_off
D:6:      layout_basic, feat_on_display
D:7:      layout_layer_cave, temple_hall, hangedman_decor_opposing
D:8:      layout_basic, basic_altar, hangedman_little_slice_of_home
D:9:      layout_basic, tgw_trog, erik_orc_1, sword_in_stone
Temple:   nicolae_temple_the_god_donut

Skill      XL: |  1  2  3  4  5  6  7  8  9 10 |
---------------+-------------------------------+-----
Short Blades   | 1 3 4 5 |  5.8
Stealth        | 3 4 5 6 |  6.6
Fighting       | 1 2 3 4 |  4.1
Dodging        | 2 3 4 |  4.1
Conjurations   | 2 3 4 |  4.7
Air Magic      | 1 2 3 4 |  4.0
Spellcasting   | 3 4 5 |  5.1
Poison Magic   | 4 5 |  5.6
Armour         | 1 |  1.8
Translocations | 1 |  1.0
Invocations    | |  0.6

Action                   |  1- 3 |  4- 6 |  7- 9 | 10-12 || total
-------------------------+-------+-------+-------+-------++-------
Melee: Dagger            |    67 |    57 |   182 |    69 ||   375
       Bite              |    14 |    12 |    38 |    20 ||    84
       Unarmed           |     1 |       |       |       ||     1
Throw: Dart              |       |       |     8 |       ||     8
 Cast: Sting             |     8 |       |     1 |       ||     9
       Poisonous Vapours |    16 |    49 |    92 |    22 ||   179
       Mephitic Cloud    |     1 |       |     1 |     1 ||     3
  Use: Scroll            |       |       |       |     3 ||     3
 Stab: Sleeping          |     5 |     2 |     7 |     5 ||    19
       Confused          |       |       |       |     1 ||     1
  Eat: Chunk             |     3 |     8 |    15 |     7 ||    33
Armor: Robe              |     6 |     5 |       |       ||    11
       Leather armour    |       |     5 |     2 |       ||     7
       Ring mail         |       |       |    46 |    18 ||    64
Dodge: Dodged            |    50 |    29 |    87 |    31 ||   197
